 Dungeon Crawl Stone Soup version 0.28-a0-589-g333b8329f1 (webtiles) character file.

Game seed: 12725249526131576490

66 iamoutofideas the Chopper (level 4, -4/57 HPs)
             Began as a Hill Orc Gladiator on Oct 4, 2021.
             Slain by Grinder (7 damage)
             ... on level 3 of the Dungeon.
             The game lasted 00:02:07 (1898 turns).

iamoutofideas the Chopper (Hill Orc Gladiator)      Turns: 1898, Time: 00:02:07

Health: -4/57      AC:  4    Str: 17    XL:     4   Next: 15%
Magic:  4/4        EV: 12    Int:  8    God:
Gold:   96         SH:  0    Dex: 12    Spells: 3/3 levels left

rFire   + . .      SeeInvis .   a - +0 war axe
rCold   + . .      Faith    .   (no shield)
rNeg    . . .      Spirit   .   b - +0 leather armour
rPois   +          Reflect  .   c - +0 helmet
rElec   +          Harm     .   (no cloak)
rCorr   +          Rampage  .   (no gloves)
Will    .....                   (no boots)
Stlth   ..........              (no amulet)
HPRegen 0.19/turn               (no ring)
MPRegen 0.09/turn               (no ring)

@: berserking, resistant, very quick
A: no striking features
a: no special abilities


You were on level 3 of the Dungeon.
You visited 1 branch of the dungeon, and saw 3 of its levels.

You collected 96 gold pieces.

Inventory:

Hand Weapons
 a - a +0 war axe (weapon)
Missiles
 d - 3 throwing nets (quivered)
Armour
 b - a +0 leather armour (worn)
 c - a +0 helmet (worn)
Scrolls
 e - 2 scrolls of identify {unknown}
 g - a scroll of teleportation {unknown}
 h - a scroll of noise {unknown}
 j - a scroll of fog {unknown}
 l - a scroll of blinking {unknown}
Potions
 k - a potion of curing {unknown}
 m - a potion of haste {unknown}


   Skills:
 + Level 3.3 Fighting
 * Level 5.3 Axes
 - Level 1.9 Throwing
 - Level 0.5 Armour
 - Level 2.7 Dodging


You had 3 spell levels left.
You didn't know any spells.
Your spell library was empty.

Dungeon Overview and Level Annotations

Branches:
Dungeon (3/15)

Altars:
Qazlal

Shops:
D:2 **[!

Annotations:
D:3 Grinder


Message History

The orc hits you with a +0 short sword. Grinder gestures at you.
Pain shoots through your body! The orc hits you with a +0 short sword.
The orc barely misses you. The orc hits you with a +0 flail.
The orc hits you with a +0 hand axe. The orc hits you with a +0 short sword.
* * * LOW HITPOINT WARNING * * *
The orc hits you with a +0 mace.
* * * LOW HITPOINT WARNING * * *
You can move again.
It was a potion of resistance.
You feel protected. The orc barely misses you. The orc completely misses you.
The orc closely misses you. The orc hits you with a +0 mace.
* * * LOW HITPOINT WARNING * * *
Unknown command.
It was a potion of berserk rage.
A red film seems to cover your vision as you go berserk!
You feel yourself moving faster!
You feel mighty! The orc barely misses you.
The orc hits you but does no damage. The orc barely misses you.
The orc hits you with a +0 mace.
* * * LOW HITPOINT WARNING * * *
Unknown command.
You closely miss the orc. You slash the orc!
You kill the orc!
You slash the orc!
You kill the orc!
You hit the orc. The orc hits you with a +0 hand axe.
* * * LOW HITPOINT WARNING * * *
The orc barely misses you.
Unknown command.
You slash the orc!
You kill the orc!
You slash the orc!
You kill the orc!
Unknown command.
You hit Grinder.
Grinder is moderately wounded.
Grinder hits you!
You die...

.# # # #.####.## #
###.#.....# # .....##..#
#........ ##).......
##..?..# #
#...#)###.####. #.. .#
#.#...)@5.........#.# .
#...$.).##.....#..#.##.
####.#####.....#.).....#
##.#.# #.....#......##
##.###.# #.....#..#.#.##
##.## #.##..............
#.## #.#........#....#
#..##
##.#####...<..##.##
#.#.###.######.##.#.##.#


You could see Grinder.

Vanquished Creatures
  2 adders
  2 dart slugs
  6 orcs
  3 ball pythons
  4 bats
  2 endoplasms (D:2)
  A giant cockroach (D:1)
  6 goblins
  3 hobgoblins
  A quokka (D:3)
  3 frilled lizards
  2 kobolds (D:2)
  4 rats
39 creatures vanquished.

Notes
Turn   | Place    | Note
-------+----------+-------------------------------------------
     0 | D:1      | iamoutofideas the Hill Orc Gladiator began the quest for
                  | the Orb.
     0 | D:1      | Reached XP level 1. HP: 18/18 MP: 1/1
    62 | D:1      | Found a faded altar of an unknown god.
    85 | D:1      | Reached XP level 2. HP: 23/25 MP: 2/2
   500 | D:2      | Reached XP level 3. HP: 31/31 MP: 3/3
   577 | D:2      | Found Moet's Assorted Antiques.
   606 | D:2      | Found Waza Wedy's Antique Armour Shoppe.
   730 | D:2      | Found Imorgh's Distillery.
   889 | D:2      | Found a stormy altar of Qazlal.
  1054 | D:2      | Found Ewonees's General Store.
  1323 | D:3      | Reached skill level 5 in Axes
  1880 | D:3      | Noticed Grinder
  1886 | D:3      | Reached XP level 4. HP: 29/38 MP: 4/4
  1889 | D:3      | Paralysed by Grinder for 5 turns
  1898 | D:3      | Slain by Grinder

Illustrated notes

Levels and vault maps discovered:
D:1:      moated_graveyard_arrival, layout_rooms, basic_ecumenical_altar
D:2:      layout_loops_ring, basic_altar, serial_shops, shop, shop_fountains,
          shop, shop, nicolae_underground_beach
D:3:      layout_loops_cross, uniq_grinder

Skill      XL: |  1  2  3 |
---------------+----------+-----
Fighting       | 3 |  3.3
Axes           | 5 |  5.3
Throwing       | |  1.9
Armour         | |  0.5
Dodging        | |  2.7

Action                   |  1- 3 |  4- 6 || total
-------------------------+-------+-------++-------
Melee: War axe           |    80 |     3 ||    83
  Use: Potion            |       |     2 ||     2
 Stab: Sleeping          |     1 |       ||     1
Armor: Leather armour    |    25 |     1 ||    26
Dodge: Dodged            |    51 |     7 ||    58

Table legend: (Time is in decaauts)
 A = Elapsed time spent in this place.
 B = Non-inter-level travel time spent in this place.
 C = Inter-level travel time spent in this place.
 D = Time resting spent in this place.
 E = Time spent auto-exploring this place.
 F = Levels seen in this place.
 G = Mean time per level.
                   A        B        C        D        E       F      G
               +--------+--------+--------+--------+--------+-----+--------+
         Total |   1919 |   1881 |     38 |    305 |   1299 |   3 |  639.7 |
       Dungeon |   1919 |   1881 |     38 |    305 |   1299 |   3 |  639.7 |
               +--------+--------+--------+--------+--------+-----+--------+

Top non-repeatable levels by time:
     D:3: 782 daAuts
     D:2: 685 daAuts
     D:1: 452 daAuts
